 Dungeon Crawl Stone Soup version 0.19.4-12-gccf7e64 (webtiles) character file.

2555 muscothym the Spear-Bearer (level 9, -1/70 HPs)
             Began as a Formicid Fighter on Feb 26, 2017.
             Slain by a wight
             ... wielding a +4 trident
              (6 damage)
             ... on level 7 of the Dungeon.
             The game lasted 00:44:58 (7632 turns).

muscothym the Spear-Bearer (Formicid Fighter)       Turns: 7632, Time: 00:44:59

Health: -1/70      AC:  9    Str: 23 (24) XL:     9   Next: 86%
Magic:  9/9        EV: 10    Int:  6 (8)  God:
Gold:   309        SH: 11    Dex:  9 (10) Spells: 0 memorised, 8 levels left

rFire  . . .     SeeInvis +     a - +1 trident {RTS}
rCold  + . .     Gourm    .     b - +0 scale mail
rNeg   . . .     Faith    .     P - +0 shield
rPois  .         Spirit   .     (helmet unavailable)
rElec  .         Reflect  .     i - +0 cloak
rCorr  .         Harm     .     (no gloves)
MR     +....                    (no boots)
Stlth  ..........               K - amulet of rage
                                u - ring of protection from cold
                                r - ring of wizardry

@: starving, drained
A: permanent stasis, dig shafts and tunnels, four strong arms, antennae 3, magic
resistance 1, wild magic 1
a: Dig, Shaft Self


You were on level 7 of the Dungeon.
You were starving.

You visited 1 branch of the dungeon, and saw 8 of its levels.

You collected 309 gold pieces.

Inventory:

Hand Weapons
 a - a +1 trident (weapon) {RTS}
 d - a cursed -3 scythe
 e - a +2 short sword of venom
 f - a +0 giant spiked club
 l - a +0 shortbow
 m - a cursed -3 dagger
 q - a +0 hand axe
 w - a +0 blowgun
 A - a +0 great sword
 B - a +0 hand crossbow
 F - a +0 whip
 G - a +0 whip
 H - a +0 flail
 I - a +0 spear
 Q - a +0 short sword
 S - a +0 falchion
 T - a +0 hand axe
 U - a +0 mace
 V - a +0 spear
 X - a cursed +0 short sword
Missiles
 j - 28 poisoned needles
 n - 22 arrows
 p - 95 bolts
 E - 2 throwing nets (quivered)
Armour
 b - a +0 scale mail (worn)
 c - a +0 shield
 g - a +3 leather armour
 h - a +0 leather armour
 i - a +0 cloak (worn)
 o - a cursed +0 robe
 t - a +0 ring mail
 x - a +0 leather armour
 y - a +0 robe
 C - a +0 leather armour
 D - a +0 robe
 L - a +0 chain mail
 O - a +0 robe
 P - a +0 shield (worn)
Jewellery
 r - a ring of wizardry (left hand)
 s - an uncursed amulet of guardian spirit
 u - a ring of protection from cold (right hand)
 K - an amulet of rage (around neck)
 Y - an uncursed amulet of guardian spirit
Scrolls
 k - 2 scrolls of noise
 v - 6 scrolls of remove curse
 N - a scroll of random uselessness
 R - 2 scrolls of identify
Potions
 M - 2 potions of invisibility {unknown}
 W - a potion of beneficial mutation
 Z - a potion of curing


   Skills:
 + Level 6.3(6.0) Fighting
 + Level 8.1(7.8) Polearms
 + Level 6.8(6.5) Armour
 + Level 2.6(2.4) Dodging
 + Level 1.5(1.2) Stealth
 + Level 7.6(7.3) Shields


You had 8 spell levels left.
You didn't know any spells.

Dungeon Overview and Level Annotations

Branches:
Dungeon (8/15)             Temple (0/1) D:7
   Lair: D:8-11

Altars:
Okawaru
Qazlal


Innate Abilities, Weirdness & Mutations

You are under a permanent stasis effect.
You can dig through walls and to a lower floor.
Your four strong arms can wield two-handed weapons with a shield.
You have a pair of large antennae on your head. (SInv)
You are resistant to hostile enchantments. (MR+)
Your spells are a little harder to cast, but a little more powerful.


Message History

The wight is heavily damaged.
The wight hits you from afar with an enchanted trident.
* * * LOW HITPOINT WARNING * * *
You closely miss the wight.
The wight is heavily damaged.
The wight hits you but does no damage. You block the wight's attack.
You puncture the wight!
The wight is almost destroyed.
The wight hits you with an enchanted scimitar.
* * * LOW HITPOINT WARNING * * *
You feel drained.
* * * LOW HITPOINT WARNING * * *
You are starving!
You barely miss the wight.
The wight is almost destroyed.
You block the wight's attack. x2
You closely miss the wight.
The wight is almost destroyed.
The wight hits you from afar with an enchanted trident.
You die...

* #......# *,,,,,,,,*
*####......# *,,,,,,***
8#.........####### *,,,,,,*
*#......)......>(# *,,,,,,**
*#....(.########.# *,,,,,,,*
*######(#*,,,,,#.# *,,,,,,,* 8*
#..((#*,***,#.# *,,,,,,,*
***#####...# *,#.#**,,,,,,,*
**8***8*...# *{#@#,,,,,,,,,*
,,,,,,,,...# *,#z#,*,,,,,,,******
,,,,,,,,...#**,#Fz,,***,,,,,,,,,,
,,,,,,,,....,*,.z..,* ****,**,*,*
**8***8*####.*,#....* *,**,*,,
********,* *.#,#....#*****,*888*,
8***,* *,***,*,#....#,,,,,,8,,,8,
**,*,* *,,,,,*,#..###,****,8,>,,,
**,*,* *,**,,*,*,,*,,,,,**,8,,,8*


You could see a bullfrog and 3 wights.

Vanquished Creatures
  Pikel (D:7)
  Sigmund (D:2)
  2 ice beasts
  A necrophage (D:5)
  4 ogres
  A phantom (D:5)
  A centaur (D:6)
  A big kobold (D:7)
  3 bullfrogs
  2 scorpions
  A wight (D:7)
  2 crimson imps
  2 hounds (D:4)
  A bullfrog skeleton (D:5)
  2 jellies
  2 centaur skeletons
  A gnoll shaman (D:7)
  2 iguanas
  5 worker ants
  3 hound skeletons
  10 gnolls
  5 adders
  2 shadow imps (D:5)
  2 oozes
  An adder skeleton (D:8)
  6 worms
  A dart slug (D:2)
  3 leopard geckos
  An orc (D:4)
  3 ball pythons
  4 giant cockroaches
  7 goblins
  6 hobgoblins
  10 jackals
  26 kobolds
  4 bats
  3 frilled lizards
  A jackal skeleton (D:4)
  A leopard gecko zombie (D:5)
  12 rats
146 creatures vanquished.

Vanquished Creatures (others)
  A plant (D:7)
1 creature vanquished.

Grand Total: 147 creatures vanquished

Notes
Turn   | Place    | Note
-------+----------+-------------------------------------------
     0 | D:1      | muscothym the Formicid Fighter began the quest for the Orb.
     0 | D:1      | Reached XP level 1. HP: 18/18 MP: 1/1
   415 | D:1      | Reached XP level 2. HP: 24/24 MP: 2/2
  1472 | D:1      | Reached XP level 3. HP: 17/29 MP: 3/3
  1981 | D:2      | Noticed Sigmund
  2000 | D:2      | Killed Sigmund
  2000 | D:2      | Reached skill level 3 in Polearms
  2000 | D:2      | Reached skill level 1 in Dodging
  2000 | D:2      | Reached XP level 4. HP: 16/37 MP: 2/4
  2000 | D:2      | Reached XP level 5. HP: 18/42 MP: 2/5
  2000 | D:2      | Reached XP level 6. HP: 21/48 MP: 2/6
  2627 | D:2      | Reached skill level 4 in Polearms
  3614 | D:3      | Reached skill level 5 in Shields
  3909 | D:4      | Reached XP level 7. HP: 43/54 MP: 7/7
  4000 | D:4      | Reached skill level 1 in Stealth
  4017 | D:4      | Reached skill level 5 in Polearms
  4362 | D:4      | Found an iron altar of Okawaru.
  4370 | D:4      | Reached skill level 5 in Armour
  4649 | D:5      | Entered Level 5 of the Dungeon
  4896 | D:5      | Reached XP level 8. HP: 50/61 MP: 8/8
  5138 | D:5      | Found a glowing drain.
  5189 | D:5      | Reached skill level 6 in Polearms
  5534 | D:5      | Reached skill level 5 in Fighting
  5935 | D:6      | Found a stormy altar of Qazlal.
  6330 | D:6      | Reached XP level 9. HP: 35/68 MP: 9/9
  6485 | D:7      | Reached skill level 7 in Polearms
  7137 | D:7      | Gained mutation: Your spells are a little harder to cast, but a little more powerful. [potion of beneficial mutation]
  7298 | D:7      | Noticed Pikel
  7322 | D:7      | Killed Pikel
  7322 | D:7      | Reached skill level 8 in Polearms
  7511 | D:8      | Gained mutation: You are resistant to hostile enchantments. (MR+) [potion of beneficial mutation]
  7572 | D:8      | HP: 2/69 [bullfrog (4)]
  7632 | D:7      | Slain by a wight

Skill      XL: |  1  2  3  4  5  6  7  8  9 |
---------------+----------------------------+-----
Shields        | 4 5 6 7 |  7.6
Armour         | 4 5 6 |  6.8
Polearms       | 3 4 5 6 8 |  8.1
Dodging        | 1 2 |  2.6
Fighting       | 4 5 6 |  6.3
Stealth        | 1 |  1.5

Action                   |  1- 3 |  4- 6 |  7- 9 || total
-------------------------+-------+-------+-------++-------
Melee: Trident           |   148 |   146 |   416 ||   710
 Abil: Dig               |     5 |     4 |     7 ||    16
  Use: Scroll            |     2 |     5 |     4 ||    11
       Potion            |     1 |     1 |     8 ||    10
  Eat: Meat ration       |     1 |     1 |     2 ||     4
       Beef jerky        |       |     1 |     1 ||     2
Armor: Scale mail        |    58 |    62 |   144 ||   264
Dodge: Dodged            |    47 |    59 |   182 ||   288
Block: Shield            |    62 |    82 |   249 ||   393
